 Dungeon Crawl Stone Soup version 0.22.0 (webtiles) character file.

37065 CyclopB the Bludgeoner (level 13, -2/118 HPs)
             Began as a Troll Gladiator on Dec 29, 2018.
             Was a High Priest of Trog.
             Slain by a sixfirhy (11 damage)
             ... summoned by an obsidian statue
             ... in a volcano.
             The game lasted 02:26:12 (16427 turns).

CyclopB the Bludgeoner (Troll Gladiator)           Turns: 16427, Time: 02:26:14

Health: -2/118     AC:  7    Str: 29 (30) XL:     13   Next: 56%
Magic:  12/12      EV: 15    Int:  6      God:    Trog [*****.]
Gold:   950        SH:  0    Dex: 14 (15) Spells: 12/12 levels left

rFire    + . .     SeeInvis .   s - +3 great mace (flame)
rCold    . . .     Gourm    +   (shield currently unavailable)
rNeg     . . .     Faith    .   W - +0 robe {rF+}
rPois    +         Spirit   .   c - +0 hat
rElec    .         Reflect  .   K - +1 cloak {rPois}
rCorr    .         Harm     .   (gloves unavailable)
MR       ++...                  (boots unavailable)
Stlth    +.........             E - amulet of regeneration
HPRegen  2.09/turn              V - +2 ring of evasion
MPRegen  0.13/turn              p - +5 ring of strength

@: about to teleport, weakened, mesmerised, regenerating, drained
A: large, unfitting armour, claws 3, clever 1, fast metabolism 3, gourmand,
regeneration 1, shaggy fur 1, tough skin 2, MP-powered wands
a: Berserk, Trog's Hand, Brothers in Arms, Renounce Religion


You were in a volcano.
You worshipped Trog.
Trog was extremely pleased with you.
You were not hungry.

You visited 4 branches of the dungeon, and saw 17 of its levels.
You also visited: Volcano.

You collected 950 gold pieces.

Inventory:

Hand Weapons
 i - a +0 giant club of flaming
 s - a +3 great mace of flaming (weapon)
 y - a +0 giant club
 A - a +0 battleaxe of freezing
 C - a +0 dire flail
 H - a +2 great mace of protection
 I - a +3 vampiric whip
 O - the +6 hunting sling of the Fool {velocity, rElec rC++ Int+3 Dex-2}
   (You found it on level 9 of the Dungeon)

   Any stone fired from it inflicts extra damage.
   It affects your intelligence (+3).
   It affects your dexterity (-2).
   It greatly protects you from cold.
   It insulates you from electricity.
Missiles
 d - 3 throwing nets
 g - 12 large rocks
 k - 202 stones (quivered)
 F - 9 javelins
 G - 3 javelins of returning
 N - 5 steel javelins
 Z - 3 javelins of penetration
Armour
 c - a +0 hat (worn)
 K - a +1 cloak of poison resistance (worn)
 M - +0 steam dragon scales
 Q - a scarf of spirit shield
 W - a +0 robe of fire resistance (worn)
Jewellery
 p - a +5 ring of strength (right claw)
 E - an amulet of regeneration (around neck)
 V - a +2 ring of evasion (left claw)
Wands
 n - a wand of acid (19)
 u - a wand of clouds (8)
 x - a wand of flame (6)
Scrolls
 b - a scroll of silence {unknown}
 h - 3 scrolls of remove curse
 j - a scroll of random uselessness {unknown}
 m - 2 scrolls of identify
 o - 2 scrolls of noise {unknown}
 q - a scroll of fear
 r - 2 scrolls of fog
 t - 7 scrolls of teleportation
 v - 3 scrolls of enchant armour {unknown}
 z - 4 scrolls of magic mapping
 D - 3 scrolls of amnesia {unknown}
 J - 2 scrolls of enchant weapon
 S - a scroll of immolation {unknown}
 Y - a scroll of acquirement {unknown}
Potions
 a - 3 potions of mutation
 e - a potion of curing
 l - a potion of flight
 B - a potion of agility
 L - 2 potions of cancellation {unknown}
 T - a potion of berserk rage {unknown}
Miscellaneous
 P - a phantom mirror
 R - a lightning rod (4/4)
 X - a phial of floods
Comestibles
 f - 22 rations
 U - 2 chunks of flesh


   Skills:
 - Level 5.1(4.3) Fighting
 + Level 17.3(16.3) Maces & Flails
 - Level 8.0(7.2) Throwing
 - Level 7.0(6.2) Dodging


You had 12 spell levels left.
You didn't know any spells.
Your spell library was empty.

Dungeon Overview and Level Annotations

Branches:
Dungeon (11/15)            Temple (1/1) D:7            Lair (4/6) D:10
  Swamp (0/4) Lair:2          Orc (1/2) D:10
  Snake: Lair:2-4    Spider: Lair:2-4

Altars:
Cheibriados
Dithmenos
Elyvilon
Kikubaaqudgha
Makhleb
Nemelex Xobeh
Okawaru
Ru
Trog
Vehumet
Wu Jian
Xom
Yredelemnul
The Shining One
Beogh
Jiyva

Shops:
D:5 (   D:8 :   D:11 :

Annotations:
D:6 3 runed doors, milododd's ghost, novice DsIE
D:8 Erica Volcano exclusion: obsidian statue


Innate Abilities, Weirdness & Mutations

You are too large for most types of armour.
You have claws for hands.
Your metabolism is lightning-fast.
You like to eat raw meat.
Your natural rate of healing is unusually fast.
You are covered in fur. (AC +1)
You have very tough skin. (AC +2)
Your mind is acute. (Int +2)
You expend magic power (3 MP) to strengthen your wands.


Message History

The ufetubus hits you but does no damage.
The ufetubus barely misses you. The soul eater hits you!
* * * LOW HITPOINT WARNING * * *
You feel drained.
* * * LOW HITPOINT WARNING * * *
Okay, then.
Unknown command.
Evoke which item? (* to show all) (? for menu, Esc to quit)
Okay, then.
Okay, then.
Unknown command.
Unknown command.
Okay, then.
As you read the scroll of teleportation, it crumbles to dust.
You feel strangely unstable.
The ufetubus disappears in a puff of smoke!
The sixfirhy closely misses you. The sixfirhy hits you!
* * * LOW HITPOINT WARNING * * *
The sixfirhy shocks you!
You die...

######### #$..8..$#
#$.≈§3.$# ###
#$45@35$# #.#####
#?[..5[$# §..##.#
#...T.![# §≈.)..####
#))#(#))#
§≈§.....8#######'####
≈≈≈§§......+).......#
§≈§§....8####.......#
§§§≈§..### #.......#
≈≈§§§..#### #.......#


You could see an obsidian statue, a soul eater, a sixfirhy, a red devil, a white
imp, 2 ufetubi and a friendly iron troll (berserk).

Vanquished Creatures
  An ogre mage (Volcano)
  2 hydras
  3 two-headed ogres
  Urug (Lair:1)
  An unseen horror (D:11)
  An orc sorcerer (D:9)
  A cyclops (D:11)
  A salamander (Lair:4)
  A manticore (Lair:4)
  2 ugly things
  6 elephants (Lair:3)
  2 black mambas
  A gargoyle (D:11)
  7 spiny frogs
  A kobold demonologist (D:9)
  5 rime drakes
  A queen bee (Lair:2)
  2 komodo dragons (Lair:3)
  Grinder (D:4)
  A troll (Orc:1)
  A polar bear (Lair:2)
  5 dream sheep (Lair:3)
  5 blink frogs (Lair:3)
  12 hippogriffs
  A shadow (D:11)
  8 wyverns
  6 fire bats (Volcano)
  24 yaks
  5 basilisks
  3 steam dragons
  2 wraiths
  2 hungry ghosts (D:10)
  4 vampire mosquitoes (Lair:3)
  3 insubstantial wisps (Lair:3)
  10 water moccasins
  5 porcupines
  2 hell hounds (Lair:4)
  A black bear (D:7)
  5 orc warriors
  3 ice beasts
  4 phantoms
  A necrophage (D:10)
  An eye of draining (D:9)
  5 wolves
  8 ogres
  8 crocodiles
  5 centaurs
  A big kobold (D:7)
  10 bullfrogs
  A wyvern skeleton (D:7)
  4 scorpions
  2 troll zombies (D:10)
  31 killer bees
  3 wights (D:6)
  4 howler monkeys
  An electric eel (Lair:4)
  5 crimson imps
  6 lava snakes
  A bullfrog zombie (D:6)
  A centaur zombie (D:9)
  11 orc priests
  7 hounds
  A jelly (D:9)
  Crazy Yiuf (D:7)
  2 bullfrog skeletons
  3 iguanas
  A centaur skeleton (D:9)
  A gnoll shaman (D:5)
  9 orc wizards
  9 worker ants
  6 ogre zombies (D:10)
  3 hound skeletons
  6 gnolls (D:5)
  7 adders
  2 shadow imps
  An ooze (D:7)
  2 adder skeletons
  3 worms
  2 dart slugs (D:1)
  7 leopard geckos
  20 orcs
  4 giant cockroaches
  3 goblins
  7 hobgoblins
  6 jackals
  9 kobolds
  2 quokkas
  2 ball pythons
  8 bats
  7 frilled lizards
  3 goblin zombies (D:10)
  A hobgoblin skeleton (D:10)
  3 hobgoblin zombies (D:10)
  A leopard gecko zombie (D:5)
  6 orc skeletons (D:10)
  7 orc zombies (D:10)
  A quokka zombie (D:6)
  7 rats
  A plant (D:10)
432 creatures vanquished.

Vanquished Creatures (others)
  A goblin zombie (D:10)
  A hobgoblin skeleton (D:10)
  A hobgoblin zombie (D:10)
  2 orc zombies (D:10)
  3 fungi
8 creatures vanquished.

Grand Total: 440 creatures vanquished

Notes
Turn   | Place    | Note
-------+----------+-------------------------------------------
     0 | D:1      | CyclopB the Troll Gladiator began the quest for the Orb.
     0 | D:1      | Reached XP level 1. HP: 19/19 MP: 0/0
    93 | D:1      | Reached skill level 3 in Maces & Flails
   133 | D:1      | Reached XP level 2. HP: 27/27 MP: 1/1
   649 | D:1      | Reached XP level 3. HP: 33/33 MP: 2/2
   733 | D:2      | Found a basalt altar of Yredelemnul.
   733 | D:2      | Found a bloodstained altar of Trog.
   737 | D:2      | Became a worshipper of Trog the Wrathful
   760 | D:2      | Found a shimmering altar of Xom.
   760 | D:2      | Found a sacrificial altar of Ru.
   795 | D:2      | Found a white marble altar of Elyvilon.
   808 | D:2      | Reached skill level 4 in Maces & Flails
  1466 | D:3      | Reached XP level 4. HP: 41/41 MP: 3/3
  1652 | D:3      | Reached * piety under Trog
  1652 | D:3      | Reached skill level 5 in Maces & Flails
  1657 | D:3      | Reached XP level 5. HP: 41/48 MP: 4/4
  1683 | D:3      | Found a burning altar of Makhleb.
  1699 | D:3      | Found a snail-covered altar of Cheibriados.
  1700 | D:3      | Found a radiant altar of Vehumet.
  1706 | D:3      | Found a white marble altar of Elyvilon.
  2064 | D:4      | Noticed Grinder
  2084 | D:4      | Killed Grinder
  2084 | D:4      | Reached skill level 6 in Maces & Flails
  2084 | D:4      | Reached XP level 6. HP: 36/55 MP: 5/5
  2248 | D:4      | Reached skill level 7 in Maces & Flails
  2398 | D:4      | Reached XP level 7. HP: 60/62 MP: 6/6
  2446 | D:4      | Found an ornate altar of the Wu Jian Council.
  2852 | D:5      | Entered Level 5 of the Dungeon
  2919 | D:5      | Found Ifol's Antique Weapon Emporium.
  2992 | D:5      | Reached skill level 8 in Maces & Flails
  3611 | D:5      | Reached skill level 9 in Maces & Flails
  3611 | D:5      | Reached XP level 8. HP: 70/70 MP: 7/7
  4127 | D:6      | Reached skill level 10 in Maces & Flails
  4445 | D:6      | Reached ** piety under Trog
  4445 | D:6      | Reached skill level 11 in Maces & Flails
  4450 | D:6      | Reached XP level 9. HP: 11/76 MP: 8/8
  4452 | D:6      | HP: 2/76 [bullfrog (4)]
  4577 | D:6      | Found a glowing golden altar of the Shining One.
  5089 | D:6      | Found a runed gate.
  5090 | D:6      | Found a runed gate.
  5090 | D:6      | Noticed milododd's ghost (novice DsIE)
  5091 | D:6      | Found a runed gate.
  5101 | D:6      | Found a roughly hewn altar of Beogh.
  5552 | D:7      | Reached skill level 12 in Maces & Flails
  5597 | D:7      | Found a sparkling altar of Nemelex Xobeh.
  6125 | D:7      | Found a runed door.
  6168 | D:7      | Found a staircase to the Ecumenical Temple.
  6177 | Temple   | Entered the Ecumenical Temple
  6584 | D:7      | Noticed Crazy Yiuf
  6593 | D:7      | Killed Crazy Yiuf
  6649 | D:8      | Found Cohag's Book Shop.
  6649 | D:8      | Noticed Erica
  6649 | D:8      | Noticed a two-headed ogre
  6728 | D:9      | Reached *** piety under Trog
  6776 | D:9      | Found an ancient bone altar of Kikubaaqudgha.
  7061 | D:9      | Reached XP level 10. HP: 73/91 MP: 9/9
  7249 | D:9      | Noticed a green ugly thing
  7281 | D:9      | Killed a green ugly thing
  7281 | D:9      | Reached skill level 5 in Dodging
  7361 | D:9      | Noticed an orc sorcerer
  7371 | D:9      | Noticed a sun demon
  7390 | D:9      | Killed an orc sorcerer
  7494 | D:9      | Reached skill level 5 in Fighting
  7567 | D:9      | Got an iridescent hunting sling
  7872 | D:9      | Noticed a deep elf mage
  8035 | D:9      | Identified the Almanac of Flames and Clay
  8085 | D:10     | Entered Level 10 of the Dungeon
  8245 | D:10     | Noticed a brown ugly thing
  8261 | D:10     | Killed a brown ugly thing
  8480 | D:10     | Found a staircase to the Lair.
  8518 | D:10     | Reached **** piety under Trog
  8550 | D:10     | Noticed a two-headed ogre
  8566 | D:10     | Killed a two-headed ogre
  8566 | D:10     | Reached skill level 5 in Throwing
  8689 | D:10     | Found a staircase to the Orcish Mines.
  8755 | D:10     | Received a gift from Trog
  8827 | D:10     | Reached XP level 11. HP: 74/101 MP: 7/10
 10054 | D:11     | Killed an unseen horror
 10191 | D:11     | Found Yfav's Book Shoppe.
 10310 | D:11     | Received a gift from Trog
 10398 | D:11     | Reached skill level 13 in Maces & Flails
 10560 | D:11     | Gained mutation: You expend magic power (3 MP) to strengthen your wands. [potion of mutation]
 10560 | D:11     | Gained mutation: Your mind is acute. (Int +2) [potion of mutation]
 11215 | Lair:1   | Entered Level 1 of the Lair of Beasts
 11297 | Lair:1   | Noticed a seven-headed hydra
 11330 | Lair:1   | Killed a seven-headed hydra
 11381 | Lair:1   | Noticed Urug
 11543 | Orc:1    | Entered Level 1 of the Orcish Mines
 11546 | Orc:1    | Noticed an orc sorcerer
 11546 | Orc:1    | Noticed an orc warlord
 11688 | Lair:1   | Killed Urug
 12543 | Lair:2   | Reached XP level 12. HP: 95/111 MP: 11/11
 12709 | Lair:2   | Reached skill level 14 in Maces & Flails
 12814 | Lair:2   | Found a staircase to the Swamp.
 13215 | Lair:2   | Reached ***** piety under Trog
 13825 | Lair:3   | Received a gift from Trog
 13879 | Lair:3   | Reached skill level 15 in Maces & Flails
 14114 | Lair:3   | Noticed a seven-headed hydra
 14137 | Lair:3   | Killed a seven-headed hydra
 14593 | Lair:3   | Reached XP level 13. HP: 118/118 MP: 12/12
 14696 | Lair:3   | Reached skill level 16 in Maces & Flails
 15465 | Lair:4   | Received a gift from Trog
 15973 | Lair:4   | Found a dark tunnel.
 15988 | Volcano  | Entered a volcano
 16073 | Volcano  | Reached skill level 17 in Maces & Flails
 16250 | Volcano  | Noticed a red draconian
 16354 | Volcano  | Found a bloodstained altar of Trog.
 16391 | Volcano  | Identified the +6 hunting sling of the Fool {velocity, rElec rC++ Int+3 Dex-2} (You found it on level 9 of the Dungeon)
 16427 | Volcano  | Slain by a sixfirhy

Skill      XL: |  1  2  3  4  5  6  7  8  9 10 11 12 13 |
---------------+----------------------------------------+-----
Maces & Flails | 3 4 5 6 7 9 11 12 13 15 17 | 17.3
Fighting       | 3 5 |  5.1
Dodging        | 4 5 6 7 |  7.0
Throwing       | 6 8 |  8.0

Action                   |  1- 3 |  4- 6 |  7- 9 | 10-12 | 13-15 || total
-------------------------+-------+-------+-------+-------+-------++-------
Melee: Flail             |   111 |   136 |   317 |       |       ||   564
       Whip              |       |       |   164 |  1687 |   427 ||  2278
       Great mace        |       |       |       |       |    17 ||    17
 Fire: Hunting sling     |       |       |       |       |     5 ||     5
Throw: Large rock        |     2 |     2 |     1 |     7 |       ||    12
       Stone             |    27 |    43 |   154 |   264 |   101 ||   589
       Javelin           |       |       |     9 |    37 |    11 ||    57
       Tomahawk          |       |       |       |     5 |       ||     5
Invok: Berserk           |       |       |    13 |    13 |     3 ||    29
       Trog's Hand       |       |       |     1 |     9 |     3 ||    13
       Brothers in Arms  |       |       |       |       |     1 ||     1
Evoke: Wand              |       |       |       |     4 |     1 ||     5
  Use: Scroll            |     1 |       |     5 |     5 |     2 ||    13
       Potion            |       |     1 |     4 |     6 |     6 ||    17
 Stab: Sleeping          |     2 |     1 |       |     1 |       ||     4
       Distracted        |       |       |     1 |       |       ||     1
  Eat: Chunk             |    19 |     9 |    54 |    81 |    19 ||   182
       Ration            |       |       |     1 |     3 |       ||     4
Armor: Robe              |    45 |    35 |   107 |   101 |    10 ||   298
       Steam dragon scal |       |       |       |    94 |   106 ||   200
Dodge: Dodged            |    58 |    77 |   234 |   656 |   269 ||  1294
